 Dungeon Crawl Stone Soup version 0.25-b1-37-g2669288c55 (webtiles) character file.

Game seed: 9311341857523569660

1320 Chiseanne the Magician (level 8, -15/52 HPs)
             Began as a Demonspawn Wizard on June 4, 2020.
             Was an Initiate of Vehumet.
             Killed from afar by a wizard (45 damage)
             ... with a crystal spear
             ... on level 7 of the Dungeon.
             The game lasted 00:19:49 (7824 turns).

Chiseanne the Magician (Demonspawn Wizard)          Turns: 7824, Time: 00:19:50

Health: -15/52     AC: 11    Str:  8    XL:     8   Next: 33%
Magic:  4/16       EV: 12    Int: 25    God:    Vehumet [......]
Gold:   311        SH:  5    Dex: 12    Spells: 12/18 levels left

rFire    . . .     SeeInvis .   a - +1 short sword
rCold    + + .     Gourm    .   (no shield)
rNeg     . . .     Faith    .   k - +0 ring mail (curse)
rPois    .         Spirit   .   r - +2 helmet
rElec    .         Reflect  +   (no cloak)
rCorr    .         Harm     .   t - +0 pair of gloves of Hairy Birdsong {Int+4} (curse)
MR       .....                  y - +0 pair of boots
Stlth    +++.......             p - amulet of reflection
HPRegen  0.17/turn              m - ring of protection from cold
MPRegen  0.15/turn              (no ring)

@: no status effects
A: hooves 2, cold resistance 1, nightstalker 1, sturdy frame 2
a: Renounce Religion


You were on level 7 of the Dungeon.
You worshipped Vehumet.
Vehumet was noncommittal.
You were not hungry.

You visited 2 branches of the dungeon, and saw 8 of its levels.

You collected 311 gold pieces.

Inventory:

Hand Weapons
 a - a +1 short sword (weapon)
Missiles
 c - 51 poisoned darts (quivered)
 g - 119 sling bullets
Armour
 k - a cursed +0 ring mail (worn)
 r - a +2 helmet (worn)
 t - the cursed +0 pair of gloves of Hairy Birdsong (worn) {Int+4}
   (You found it on level 5 of the Dungeon)

   It affects your intelligence (+4).
   It has a curse placed upon it.
 y - a +0 pair of boots (worn)
Jewellery
 m - a ring of protection from cold (left hand)
 p - an amulet of reflection (around neck)
Wands
 b - a wand of paralysis (13)
 j - a wand of acid (7)
 q - a wand of polymorph (4)
Scrolls
 e - 2 scrolls of fog
 i - 4 scrolls of teleportation
 n - 2 scrolls of remove curse
 x - a scroll of fear {unknown}
Potions
 f - 3 potions of curing
 h - 2 potions of invisibility {unknown}
 l - a potion of flight {unknown}
 o - a potion of ambrosia {unknown}
 s - 2 potions of heal wounds {unknown}
 u - 2 potions of haste {unknown}
 w - a potion of brilliance {unknown}
 z - 2 potions of stabbing {unknown}
Comestibles
 d - 9 rations
 v - a chunk of flesh


   Skills:
 * Level 4.2 Armour
 - Level 1.7 Dodging
 - Level 1.7 Stealth
 * Level 5.8 Spellcasting
 * Level 5.4 Conjurations
   Level 1.0 Summonings
 - Level 0.8 Translocations
 * Level 3.7 Air Magic


You had 12 spell levels left.
You knew the following spells:

 Your Spells              Type           Power        Failure   Level  Hunger
a - Magic Dart            Conj           ####         1%          1    None
b - Blink                 Tloc           N/A          10%         2    None
d - Mephitic Cloud        Conj/Pois/Air  ###.....     8%          3    #......

Your spell library contained the following spells:

 Spells                   Type           Power        Failure   Level  Hunger
 Animate Skeleton         Necr           N/A          9%          1    None
 Pain                     Necr           #...         9%          1    None
 Call Imp                 Summ           ##......     9%          2    None
 Conjure Flame            Conj/Fire      ###.....     9%          3    #......
 Slow                     Hex            #.......     14%         2    None
 Vampiric Draining        Necr           #.........   26%         3    #......
 Animate Dead             Necr           N/A          65%         4    ###....
 Agony                    Necr           #.......     94%         5    #####..


Dungeon Overview and Level Annotations

Branches:
Dungeon (7/15)             Temple (1/1) D:4

Altars:
Ashenzari
Cheibriados
Dithmenos
Elyvilon
Fedhas
Gozag
Hepliaklqana
Makhleb
Nemelex Xobeh
Okawaru
Ru
Sif Muna
Trog
Uskayaw
Vehumet
Wu Jian
Xom
Yredelemnul
Zin
The Shining One

Shops:
D:4 %   D:5 =

Annotations:
D:6 exclusions: oklob plant and statue


Innate Abilities, Weirdness & Mutations

You have hoof-like feet.
Your flesh is cold resistant. (rC+)
You are slightly more attuned to the shadows.
Your movements are less encumbered by armour. (ER -4)


Message History

The adder is engulfed in noxious fumes.
The adder appears confused.
The adder bites the wizard.
The adder is engulfed in noxious fumes.
The adder appears confused.
You kill the adder!
Vehumet accepts your kill.
Throwing (i - inventory)
c - 53 poisoned darts (quivered)
Press: ? - help, Shift-Dir - straight line, f/p - wizard
Aim: a wizard, wielding a +0 dagger and wearing a cursed +0 robe (moderately wounded, confused, poisoned)
You throw a poisoned dart.
The poisoned dart barely misses the wizard.
The wizard seems less confused.
Throwing (i - inventory)
c - 52 poisoned darts (quivered)
Press: ? - help, Shift-Dir - straight line, f/p - wizard
Aim: a wizard, wielding a +0 dagger and wearing a cursed +0 robe (moderately wounded, poisoned)
You throw a poisoned dart. The poisoned dart hits the wizard.
The wizard is moderately wounded.
The wizard points at you and mumbles some strange words.
The crystal spear hits you!!!
Ouch! That really hurt!
You die...

########......#......
#......#....#.
......##
#..........<#.
.......#
#.............
≈≈≈...#
#.......#.....
#≈≈..###......##.####
.. #≈...####..##...
..$°#○.#.# #..##.#.
.(((p≈.@.####..##.#
..†(#≈.........# # .S
#≈.##......##.#
#≈≈.##.........#
≈≈≈..##....#.#..#
.....###....#.......
..... .(......#).####
####+#..#... ...#.###


You could see a wizard (poisoned).

Vanquished Creatures
  An orc sorcerer (D:7)
  A phantom (D:5)
  4 bullfrogs
  A scorpion (D:4)
  2 crimson imps
  A hound (D:6)
  A jelly (D:5)
  A centaur skeleton (D:4)
  Terence (D:3)
  An iguana (D:5)
  6 worker ants
  Robin (D:3)
  A gnoll (D:6)
  5 adders
  2 shadow imps
  An ooze (D:6)
  2 adder zombies (D:6)
  3 worms
  2 dart slugs (D:1)
  6 leopard geckos
  7 orcs
  2 ball pythons
  4 giant cockroaches
  13 goblins
  3 hobgoblins
  7 jackals
  6 kobolds
  2 quokkas
  6 bats
  A frilled lizard (D:2)
  A quokka zombie (D:5)
  8 rats
103 creatures vanquished.

Notes
Turn   | Place    | Note
-------+----------+-------------------------------------------
     0 | D:1      | Chiseanne the Demonspawn Wizard began the quest for the
                  | Orb.
     0 | D:1      | Reached XP level 1. HP: 13/13 MP: 4/4
   485 | D:1      | Gained mutation: You have large cloven feet. [demonic
                  | ancestry]
   485 | D:1      | Reached XP level 2. HP: 15/19 MP: 0/6
   619 | D:1      | Learned a level 2 spell: Blink
  1376 | D:1      | Gained mutation: Your movements are slightly less
                  | encumbered by armour. (ER -2) [demonic ancestry]
  1376 | D:1      | Reached XP level 3. HP: 24/24 MP: 6/8
  1537 | D:2      | Learned a level 3 spell: Mephitic Cloud
  1606 | D:2      | You fall into a shaft and drop 2 floors!
  1855 | D:3      | Found an ornate altar of the Wu Jian Council.
  2504 | D:4      | Found a snail-covered altar of Cheibriados.
  2506 | D:4      | Found a shimmering altar of Xom.
  2507 | D:4      | Found a basalt altar of Yredelemnul.
  2507 | D:4      | Found a sparkling altar of Nemelex Xobeh.
  2508 | D:4      | Found a white marble altar of Elyvilon.
  2750 | D:3      | Noticed Terence
  2756 | D:3      | Killed Terence
  2756 | D:3      | Reached skill level 1 in Armour
  2756 | D:3      | Gained mutation: You have hoof-like feet. [demonic
                  | ancestry]
  2756 | D:3      | Reached XP level 4. HP: 30/30 MP: 4/9
  3024 | D:2      | Found a sacrificial altar of Ru.
  3437 | D:2      | Found a glowing silver altar of Zin.
  3629 | D:3      | Noticed Robin
  3634 | D:3      | Killed Robin
  3634 | D:3      | Gained mutation: Your movements are less encumbered by
                  | armour. (ER -4) [demonic ancestry]
  3634 | D:3      | Reached XP level 5. HP: 32/35 MP: 1/11
  3896 | D:4      | Found Ameurph's Food Shop.
  3910 | D:4      | Found a staircase to the Ecumenical Temple.
  3923 | Temple   | Entered the Ecumenical Temple
  4328 | D:3      | Found a faded altar of an unknown god.
  4949 | D:5      | Entered Level 5 of the Dungeon
  5102 | D:5      | Reached skill level 1 in Air Magic
  5208 | D:5      | Gained mutation: You are slightly more attuned to the
                  | shadows. [demonic ancestry]
  5208 | D:5      | Reached XP level 6. HP: 36/41 MP: 3/12
  5364 | D:5      | Found Qic Toqenesy's Jewellery Shop.
  5914 | D:5      | Got a pair of faintly glowing gloves
  6195 | D:5      | Identified the cursed +0 pair of gloves of Hairy Birdsong
                  | {Int+4} (You found it on level 5 of the Dungeon)
  6200 | D:5      | Noticed an ice beast
  6427 | D:6      | Found an iron altar of Okawaru.
  6707 | D:6      | Found a radiant altar of Vehumet.
  6714 | D:6      | Became a worshipper of Vehumet
  6752 | D:6      | Reached XP level 7. HP: 46/46 MP: 9/14
  6915 | D:6      | Reached skill level 5 in Spellcasting
  7057 | D:6      | Found an iron altar of Okawaru.
  7057 | D:6      | Noticed an oklob plant
  7812 | D:7      | Noticed an orc sorcerer
  7815 | D:7      | Noticed a wizard
  7819 | D:7      | Killed an orc sorcerer
  7819 | D:7      | Reached skill level 5 in Conjurations
  7819 | D:7      | Gained mutation: Your flesh is cold resistant. (rC+)
                  | [demonic ancestry]
  7819 | D:7      | Reached XP level 8. HP: 29/52 MP: 3/16
  7824 | D:7      | Killed from afar by a wizard

Illustrated notes

Levels and vault maps discovered:
D:1:      ncdulo_halloftheorcs, layout_basic
D:2:      layout_rooms, zin_academy, nicolae_ru_sacrificial_ziggurat
D:3:      layout_basic, nicolae_overflow_crystal_walls,
          chequers_ecumenical_altar_twisty, uniq_robin, uniq_natasha,
          uniq_grinder, uniq_terence
D:4:      layout_cave_pods, grunt_temple_overflow_open,
          minmay_temple_entry_statues_fountains, serial_shops, shop
D:5:      layout_rooms, first_ration, serial_shops, kennysheep_mini,
          chequers_serial_rivers_small_3, kennysheep_generic_room_10
D:6:      layout_loops_ring, vehumet_statue, okawaru_altar_gauntlet_db,
          minmay_misc_feat_four_crosses, lemuel_oklob_altar
D:7:      cheibrodos_wizards_tower, layout_basic, lemuel_doored_altar,
          uniq_pikel
Temple:   compressed_dpeg_circular_temple

Skill      XL: |  1  2  3  4  5  6  7 |
---------------+----------------------+-----
Conjurations   | 2 3 4 5 |  5.4
Armour         | 1 2 3 4 |  4.2
Spellcasting   | 4 5 |  5.8
Air Magic      | 1 2 3 |  3.7
Dodging        | |  1.7
Stealth        | |  1.7
Summonings     | |  1.0
Translocations | |  0.8

Action                   |  1- 3 |  4- 6 |  7- 9 || total
-------------------------+-------+-------+-------++-------
Melee: Short sword       |    36 |    55 |    11 ||   102
       Kick              |     9 |    13 |     1 ||    23
Throw: Dart              |       |     3 |     6 ||     9
 Cast: Magic Dart        |    75 |   151 |    55 ||   281
       Mephitic Cloud    |     1 |     5 |     4 ||    10
Evoke: Wand              |     1 |     2 |     2 ||     5
  Use: Scroll            |     4 |     6 |       ||    10
       Potion            |     2 |       |       ||     2
 Stab: Paralysed         |       |     3 |       ||     3
  Eat: Chunk             |     4 |    10 |     4 ||    18
       Ration            |       |     1 |       ||     1
Armor: Robe              |     7 |    10 |       ||    17
       Ring mail         |       |    20 |    15 ||    35
Dodge: Dodged            |    42 |    51 |    16 ||   109
Block: Other             |       |    10 |     3 ||    13
       Reflection        |       |     1 |       ||     1
